 Dungeon Crawl Stone Soup version 0.30-a0-996-ga6910c8ee8 (webtiles) character file.

Game seed: 17374649829015461199

8794 DeathPants the Cleaver (level 11, -6/60 HPs)
             Began as a Vine Stalker Gladiator on Apr 4, 2023.
             Was an Initiate of Gozag.
             Mangled by a skeletal warrior
             ... wielding a +0 dire flail
              (17 damage)
             ... on level 10 of the Dungeon.
             The game lasted 00:30:37 (8977 turns).

DeathPants the Cleaver (Vine Stalker Gladiator)     Turns: 8977, Time: 00:30:37

Health: -6/60      AC: 13    Str: 25    XL:     11   Next: 36%
Magic:  0/18       EV: 17    Int: 10    God:    Gozag
Gold:   1111       SH:  0    Dex: 16    Spells: 15/18 levels left

rFire   . . .      SeeInvis .    a - +1 war axe (flame)
rCold   . . .      Faith    .    (no shield)
rNeg    . . .      Spirit   +    D - +2 steam dragon scales
rPois   .          Reflect  .    c - +1 helmet
rElec   .          Rampage  .    (no cloak)
rCorr   .                        y - +1 pair of gloves
Will    +....                    g - +1 pair of boots
Stlth   +                        (no amulet)
HPRegen 1.10/turn                i - +5 ring of evasion
MPRegen 0.16/turn                v - +6 ring of strength

@: mighty, lethally poisoned (-6 -> -7), on berserk cooldown
A: fangs 3, regeneration 1, magic shield, antimagic bite, no potion heal 2
a: Renounce Religion, Potion Petition, Call Merchant, Bribe Branch


You were on level 10 of the Dungeon.
You worshipped Gozag.
Gozag was most pleased with you.
You visited 2 branches of the dungeon, and saw 12 of its levels.
You also visited: Sewer.

You collected 1299 gold pieces.
You paid 188 gold pieces to Gozag.

Inventory:

Hand Weapons
 a - a +1 war axe of flaming (weapon)
 k - a +0 dagger of venom
 r - a +3 flail
 w - a +0 dire flail
 K - a +1 war axe
Missiles
 b - 3 boomerangs (quivered)
 d - a throwing net
 e - a javelin
 z - 6 boomerangs of dispersal
 A - 6 silver javelins
 B - 6 poisoned darts
Armour
 c - a +1 helmet (worn)
 g - a +1 pair of boots (worn)
 y - a +1 pair of gloves (worn)
 D - +2 steam dragon scales (worn)
Jewellery
 i - a +5 ring of evasion (left hand)
 n - a +6 ring of intelligence
 v - a +6 ring of strength (right hand)
 E - a ring of protection from fire
 H - a +6 ring of strength
 I - a +6 ring of dexterity
Wands
 p - a wand of iceblast (18)
 G - a wand of acid (3)
 L - a wand of flame (3)
 M - a wand of digging (6)
Scrolls
 l - 5 scrolls of fog
 m - 2 scrolls of teleportation
 x - a scroll of blinking
 J - 2 scrolls of vulnerability
Potions
 f - 5 potions of curing
 h - 3 potions of lignification
 j - a potion of mutation
 q - 2 potions of might
 s - 3 potions of haste
 t - a potion of brilliance
 u - 2 potions of ambrosia {unknown}
 C - 2 potions of heal wounds {unknown}
 F - a potion of attraction {unknown}


   Skills:
 + Level 8.3 Fighting
 * Level 11.8 Axes
 - Level 1.7 Throwing
 - Level 2.4 Armour
 - Level 2.4 Dodging
 - Level 4.3 Spellcasting
 + Level 5.9 Necromancy


You had 15 spell levels left.
You knew the following spells:

 Your Spells              Type           Power      Damage    Failure   Level
a - Vampiric Draining     Necr           14%        2d7       6%          3

Your spell library contained the following spells:

 Spells                   Type           Power      Damage    Failure   Level
 Slow                     Hex            8%         N/A       24%         1
 Confusing Touch          Hex            2%         N/A       58%         3


Dungeon Overview and Level Annotations

Branches:
Dungeon (11/15)            Temple (1/1) D:6            Lair (0/5) D:9
    Orc (0/2) D:9           Sewer (visited)

Altars:
Ashenzari
Cheibriados
Dithmenos
Elyvilon
Fedhas
Gozag
Hepliaklqana
Kikubaaqudgha
Makhleb
Nemelex Xobeh
Okawaru
Qazlal
Ru
Sif Muna
Trog
Uskayaw
Vehumet
Wu Jian
Xom
Yredelemnul
Zin
The Shining One

Shops:
D:2 (

Portals:
Trove: D:10 (give 6 scrolls of fear)

Annotations:
D:6 1 runed translucent door, Rudyous's ghost, novice DjFE
D:7 1 runed translucent door, NinjaNoafa's ghost, novice MfGl
D:8 2 transporters, exclusion: oklob plant, jasper's ghost, novice DsHs


Innate Abilities, Weirdness & Mutations

You have razor-sharp teeth.
Your natural rate of healing is unusually fast.
When hurt, damage is shared between your health and your magic reserves.
Your bite disrupts and absorbs the magic of your enemies.
Potions cannot restore your health.


Message History

You hit the hornet. You burn the hornet.
The hornet is moderately wounded.
You hit the skeletal warrior but do no damage.
The hornet stings you but does no damage.
The skeletal warrior hits you with a +0 dire flail!
The hornet completely misses you.
You hit the hornet but do no damage. Your bite misses the hornet.
The hornet is moderately wounded.
You closely miss the skeletal warrior.
The hornet stings you but does no damage.
The skeletal warrior hits you with a +0 dire flail.
You hit the hornet. You burn the hornet. Your bite misses the hornet.
The hornet is heavily wounded.
You barely miss the skeletal warrior. The hornet closely misses you.
The skeletal warrior closely misses you.
The hornet stings you.
You feel yourself slow down.
You closely miss the hornet. Your bite misses the hornet.
The hornet is heavily wounded.
You barely miss the skeletal warrior.
You feel yourself speed up. The hornet stings you!
* * * LOW HITPOINT WARNING * * *
You feel yourself slow down.
The skeletal warrior completely misses you.
The hornet misses you.
You miss the hornet.
The hornet is heavily wounded.
You barely miss the skeletal warrior. The hornet stings you!
* * * LOW HITPOINT WARNING * * *
You are poisoned.
You feel as though you will be slow longer.
The skeletal warrior hits you but does no damage.
The hornet stings you but does no damage.
The skeletal warrior barely misses you.
You feel very mighty all of a sudden.
You feel yourself speed up.
You feel very sick. The hornet barely misses you.
The skeletal warrior hits you with a +0 dire flail!!
You die...
Your body crumbles into a pile of gold.

#################################
..)...........{z@y...............
#####.......#####..........>.####
# ##.....## ###########.# ##...##
#.# #...# #.# K...'...'..z.). #.#
....#...#...... #.#
...##...##..... #.# ..# #...#
#...# #.#


You could see a skeletal warrior and a hornet.

Vanquished Creatures
  A two-headed ogre (D:8)
  A skeletal warrior (D:10)
  Pikel (D:7)
  A gargoyle (D:10)
  Psyche (D:9)
  An unseen horror (D:10)
  A troll (D:10)
  A wraith (D:10)
  A shadow (D:9)
  2 wyverns (D:7)
  10 yaks
  Grum (D:9)
  2 steam dragons
  An acid dragon (D:7)
  A water moccasin (D:8)
  4 orc warriors
  2 ice beasts (D:7)
  A black bear (D:6)
  An ogre (D:3)
  A centaur (D:8)
  An ogre (shapeshifter) (D:9)
  4 wolves (D:8)
  2 lemures (D:7)
  2 phantoms
  4 bullfrogs
  A gnoll sergeant (D:8)
  A scorpion (D:5)
  10 wights
  4 killer bees (D:9)
  2 howler monkeys
  A hound (D:6)
  6 orc priests
  4 jellies
  2 iguanas
  2 sleepcaps (D:7)
  6 orc wizards
  Robin (D:3)
  6 gnolls
  18 adders
  A river rat (D:5)
  2 white imps (D:5)
  2 ufetubi
  5 worms
  4 dart slugs
  21 orcs
  5 endoplasms
  18 giant cockroaches
  17 goblins
  11 hobgoblins
  6 jackals
  10 quokkas
  5 ball pythons
  5 bats
  11 frilled lizards
  7 kobolds
  9 rats
251 creatures vanquished.

Vanquished Creatures (others)
  An acid dragon (D:9)
  An orc priest (D:9)
2 creatures vanquished.

Grand Total: 253 creatures vanquished

Notes
Turn   | Place    | Note
-------+----------+-------------------------------------------
     0 | D:1      | DeathPants the Vine Stalker Gladiator began the quest for
                  | the Orb.
     0 | D:1      | Reached XP level 1. HP: 11/11 MP: 2/2
   124 | D:1      | Reached XP level 2. HP: 13/15 MP: 3/3
   127 | D:1      | Reached skill level 3 in Axes
   159 | D:1      | Found a faded altar of an unknown god.
   371 | D:1      | You fall into a shaft and drop 1 floor!
   407 | D:2      | Reached XP level 3. HP: 18/18 MP: 4/4
   448 | D:2      | Reached skill level 1 in Armour
   512 | D:2      | Found Koizuk's Weapon Shop.
   713 | D:1      | Gained mutation: Your natural rate of healing is unusually
                  | fast. [Vine Stalker growth]
   713 | D:1      | Reached XP level 4. HP: 23/23 MP: 3/5
  1322 | D:3      | Noticed an ogre
  1332 | D:3      | Reached skill level 4 in Axes
  1332 | D:3      | Reached XP level 5. HP: 27/27 MP: 6/6
  1340 | D:3      | Killed an ogre
  1617 | D:3      | Reached XP level 6. HP: 30/32 MP: 5/7
  1882 | D:3      | Found a glowing golden altar of the Shining One.
  1882 | D:3      | Noticed Robin
  1884 | D:3      | Found a sacrificial altar of Ru.
  2000 | D:3      | Killed Robin
  2248 | D:5      | Entered Level 5 of the Dungeon
  2354 | D:5      | Reached skill level 5 in Axes
  2433 | D:5      | Reached XP level 7. HP: 36/36 MP: 6/8
  2711 | D:5      | Found an ancient bone altar of Kikubaaqudgha.
  2721 | D:5      | Found a shimmering altar of Xom.
  2804 | D:5      | Found a glowing drain.
  2822 | Sewer    | Entered a sewer
  2955 | Sewer    | Reached skill level 6 in Axes
  3637 | D:4      | Found a radiant altar of Vehumet.
  3793 | D:4      | Found a stormy altar of Qazlal.
  4153 | D:4      | Learned a level 3 spell: Vampiric Draining
  4863 | D:6      | Noticed a steam dragon
  4870 | D:6      | Reached skill level 1 in Spellcasting
  4870 | D:6      | Gained mutation: You have razor-sharp teeth. [Vine Stalker
                  | growth]
  4870 | D:6      | Reached XP level 8. HP: 40/42 MP: 8/10
  5044 | D:6      | Found a staircase to the Ecumenical Temple.
  5052 | D:6      | Found a runed translucent door.
  5061 | Temple   | Entered the Ecumenical Temple
  5089 | D:6      | Noticed Rudyous's ghost (novice DjFE)
  5092 | D:6      | Reached skill level 7 in Axes
  5337 | D:7      | Noticed Pikel
  5354 | D:7      | Killed Pikel
  5355 | D:7      | Reached skill level 5 in Fighting
  5355 | D:7      | Reached skill level 8 in Axes
  5389 | D:7      | Found a runed translucent door.
  5394 | D:7      | Noticed NinjaNoafa's ghost (novice MfGl)
  5474 | D:7      | Reached XP level 9. HP: 47/47 MP: 12/15
  6390 | D:8      | Found a transporter.
  6391 | D:8      | Noticed jasper's ghost (novice DsHs)
  6391 | D:8      | Noticed a six-headed hydra
  6391 | D:8      | Noticed a two-headed ogre
  6392 | D:8      | Noticed a centaur warrior
  6397 | D:8      | Killed a two-headed ogre
  6398 | D:8      | Reached skill level 9 in Axes
  6462 | D:8      | Noticed a tengu warrior
  6463 | D:8      | Noticed a yaktaur
  6469 | D:8      | Noticed a harpy
  6515 | D:8      | Reached XP level 10. HP: 53/53 MP: 15/17
  6540 | D:8      | Noticed a cyclops
  6542 | D:8      | Noticed a cane toad
  6547 | D:8      | a cane toad changed into a yaktaur
  6572 | D:8      | a redback changed into a skyshark
  6572 | D:8      | Noticed a skyshark (shapeshifter)
  6574 | D:8      | a wind drake changed into a guardian serpent
  6574 | D:8      | Noticed a guardian serpent (shapeshifter)
  6577 | D:8      | a skyshark changed into a deep troll
  6577 | D:8      | Noticed a deep troll (shapeshifter)
  6583 | D:8      | a guardian serpent changed into a jumping spider
  6595 | D:8      | a deep troll changed into an eye of devastation
  6595 | D:8      | Noticed an eye of devastation (shapeshifter)
  6596 | D:8      | an eye of devastation changed into a snapping turtle
  6701 | D:9      | Noticed Grum
  6716 | D:8      | Reached skill level 10 in Axes
  6816 | D:9      | Killed Grum
  6870 | D:8      | Found an opulent altar of Gozag.
  6875 | D:8      | Found a sparkling altar of Nemelex Xobeh.
  6879 | D:8      | Found a bloodstained altar of Trog.
  6882 | D:8      | Became a worshipper of Gozag Ym Sagoz the Greedy
  6886 | D:8      | Found a glowing silver altar of Zin.
  6886 | D:8      | Found a burning altar of Makhleb.
  6888 | D:8      | Found a white marble altar of Elyvilon.
  6903 | D:8      | Found a transporter.
  6906 | D:8      | Noticed a catoblepas
  6908 | D:8      | Noticed an oklob plant
  7290 | D:8      | Noticed an ettin
  7291 | D:8      | Noticed a black mamba
  7467 | D:9      | Noticed Psyche
  7474 | D:9      | Killed Psyche
  7510 | D:9      | Found a staircase to the Lair.
  7531 | D:10     | Entered Level 10 of the Dungeon
  7795 | D:9      | Reached skill level 11 in Axes
  7886 | D:9      | Found a staircase to the Orcish Mines.
  7910 | D:9      | Found a broken altar of Ashenzari.
  8163 | D:9      | Reached skill level 5 in Necromancy
  8174 | D:9      | Reached XP level 11. HP: 21/60 MP: 5/18
  8349 | D:10     | Found a shadowy altar of Dithmenos.
  8568 | D:10     | Found a portal to a secret trove of treasure.
  8625 | D:10     | Found a snail-covered altar of Cheibriados.
  8869 | D:10     | Found a blossoming altar of Fedhas.
  8916 | D:10     | Noticed a skeletal warrior
  8934 | D:10     | Killed a skeletal warrior
  8959 | D:10     | Noticed a skeletal warrior
  8977 | D:10     | Mangled by a skeletal warrior

Illustrated notes

Levels and vault maps discovered:
D:1:      dpeg_arrival_simpleton_a, layout_rooms,
          chequers_ecumenical_altar_simple_redux, kennysheep_flooded_box,
          st_stairs_12
D:2:      layout_basic, serial_shops, shop
D:3:      layout_loops_ring, jmf_multi_god_temple, serial_rivers,
          chequers_serial_rivers_marsh, chequers_serial_rivers_small_3,
          chequers_serial_rivers_large_b, chequers_serial_rivers_large_a,
          chequers_serial_rivers_micro_e, st_stairs_13, uniq_robin
D:4:      layout_layer_cave, lemuel_tele_altar, grunt_qazlal_clouds,
          chequers_garden, minmay_stone_trees_small, chequers_avenue
D:5:      layout_cave_pods, grunt_temple_overflow_open,
          lightli_sewer_entry_pipes
D:6:      layout_cave_pools, minmay_temple_entry_drinking_statues,
          ebering_ghost_reflecting_pool
D:7:      layout_basic, ebering_ghost_reflecting_pool, uniq_pikel
D:8:      layout_basic, minitemple, nzn_ghost_randoct,
          onia_ninara_dug_in_and_dangerous
D:9:      layout_roguey, mainiacjoe_overflow_tiny_flanked, lair_entry_dummy,
          minmay_orc_entry_temple_small, minmay_misc_feat_iff,
          minmay_microvault, uniq_grum, uniq_psyche
D:10:     kennysheep_six_static_rooms, layout_long_grid,
          mainiacjoe_overflow_paths, marbit_many_paths,
          nicolae_dithmenos_shadow_blocks, enter_trove_6
D:11:     layout_irregular_city, grunt_ministairs_9, minmay_misc_feat_roman,
          nicolae_kite_square_tiling_tiny, minmay_misc_feat_x
Temple:   hellmonk_temple_two_chambers

Skill      XL: |  1  2  3  4  5  6  7  8  9 10 11 |
---------------+----------------------------------+-----
Fighting       | 2 3 4 5 6 7 8 |  8.3
Axes           | 3 4 5 6 8 9 11 | 11.8
Armour         | 1 2 |  2.4
Spellcasting   | 1 3 4 |  4.3
Necromancy     | 2 5 |  5.9
Throwing       | |  1.7
Dodging        | |  2.4

Action                     |  1- 3 |  4- 6 |  7- 9 | 10-12 || total
---------------------------+-------+-------+-------+-------++-------
  Melee: War axe           |    58 |   160 |   310 |   232 ||   760
         Bite              |     7 |    43 |    82 |    70 ||   202
         Punch             |       |       |     2 |     4 ||     6
  Throw: Throwing net      |       |     2 |     1 |     1 ||     4
         Boomerang         |       |       |       |     1 ||     1
    Use: Scroll            |       |     4 |    13 |     6 ||    23
         Potion            |       |       |       |     2 ||     2
   Stab: Held in net/web   |       |     2 |     1 |       ||     3
         Sleeping          |       |       |     1 |       ||     1
 Armour: Leather armour    |    18 |       |       |       ||    18
         Ring mail         |    21 |    74 |    56 |       ||   151
         Steam dragon scal |       |       |    43 |    69 ||   112
  Dodge: Dodged            |    42 |   120 |   303 |   206 ||   671

Table legend: (Time is in decaauts)
 A = Elapsed time spent in this place.
 B = Non-inter-level travel time spent in this place.
 C = Inter-level travel time spent in this place.
 D = Time resting spent in this place.
 E = Time spent auto-exploring this place.
 F = Levels seen in this place.
 G = Mean time per level.
                   A        B        C        D        E       F      G
               +--------+--------+--------+--------+--------+-----+--------+
         Total |   9264 |   8942 |    322 |    167 |   6109 |  13 |  712.6 |
       Dungeon |   8664 |   8342 |    322 |    167 |   5824 |  11 |  787.6 |
        Temple |     19 |     19 |      0 |      0 |     11 |   1 |   19.0 |
         Sewer |    579 |    579 |      0 |      0 |    274 |   1 |  579.0 |
               +--------+--------+--------+--------+--------+-----+--------+

Top non-repeatable levels by time:
     D:4: 1133 daAuts
     D:5: 1088 daAuts
     D:3: 1079 daAuts
     D:7: 1054 daAuts
     D:9: 1046 daAuts
     D:8: 904 daAuts
    D:10: 651 daAuts
     D:1: 619 daAuts
     D:2: 608 daAuts
   Sewer: 579 daAuts
     D:6: 472 daAuts
  Temple: 19 daAuts
    D:11: 5 daAuts
